PL
MISSISSIPPI MOCKINGBIRDS @ SAN MATEO DIRTY REDS
07/01/2050
 
TOP OF THE 1ST
Mississippi Mockingbirds batting - Pitching for San Mateo Dirty Reds : LHP Jorge González
Pitching: LHP Jorge González
Batting: RHB Terumoto Nakanishi 0-0: Foul Ball, location: 2F
0-1: Ball
1-1: Called Strike
1-2: Foul Ball, location: 2F
1-2: Foul Ball, location: 2F
1-2: Foul Ball, location: 2F
1-2: Ground out 5-3 (Groundball, 56, EV 79.4 MPH)
Batting: RHB Ricardo Ojíto 0-0: Called Strike
0-1: Foul Ball, location: 2F
0-2: Ball
1-2: Ball
2-2: Ball
3-2: Fly out, F3 (Popup, 34S, EV 78.1 MPH)
Batting: RHB Mariano Juderías 0-0: Ball
1-0: Foul Ball, location: 2F
1-1: Fly out, F7 (Flyball, 7LM, EV 93.8 MPH)
Top of the 1st over - 0 runs, 0 hits, 0 errors, 0 left on base; Mississippi 0 - San Mateo 0
BOTTOM OF THE 1ST
San Mateo Dirty Reds batting - Pitching for Mississippi Mockingbirds : RHP Costanzo Miniato
Pitching: RHP Costanzo Miniato
Batting: LHB Jae-seop Byeon 0-0: Called Strike
0-1: Foul Ball, location: 2F
0-2: Ball
1-2: Ball
2-2: DOUBLE (Flyball, 8LXD, EV 109.4 MPH)
Batting: RHB Emílio Soto 0-0: Ground out 6-3 (Groundball, P, EV 81.2 MPH)
Jae-seop Byeon to third
Batting: SHB Jae-woo Ohm 0-0: Called Strike
0-1: Ground out 4-3 (Groundball, 4, EV 106.2 MPH)
Jae-seop Byeon scores
Batting: LHB Matsusuke Saikawa 0-0: SINGLE (Line Drive, 6MD, EV 103.1 MPH)
Batting: RHB Jorge Martínez 0-0: Foul Ball, location: 2F
0-1: Ball
1-1: Fly out, F9 (Flyball, 89S, EV 85.0 MPH)
Bottom of the 1st over - 1 run, 2 hits, 0 errors, 1 left on base; Mississippi 0 - San Mateo 1
TOP OF THE 2ND
Mississippi Mockingbirds batting - Pitching for San Mateo Dirty Reds : LHP Jorge González
Batting: SHB Ai-de Lau 0-0: Called Strike
0-1: Ball
1-1: Ball
2-1: Ball
3-1: SINGLE (Groundball, 5S, EV 64.4 MPH) (infield hit)
Batting: RHB António Macías 0-0: Fly out, F7 (Flyball, 78D, EV 84.4 MPH)
Batting: RHB Les Gillett 0-0: Fly out, F7 (Flyball, 7, EV 91.2 MPH)
Batting: SHB John Richardson 0-0: SINGLE (Groundball, 6MD, EV 97.5 MPH)
Ai-de Lau to second
Batting: RHB Yoshitora Nakayama 0-0: Called Strike
0-1: Swinging Strike
0-2: Ball
1-2: Ground out 5-3 (Groundball, 5S, EV 89.4 MPH)
Top of the 2nd over - 0 runs, 2 hits, 0 errors, 2 left on base; Mississippi 0 - San Mateo 1
BOTTOM OF THE 2ND
San Mateo Dirty Reds batting - Pitching for Mississippi Mockingbirds : RHP Costanzo Miniato
Batting: LHB Quitério Ruah 0-0: Ball
1-0: Ground out 4-3 (Groundball, 13, EV 82.5 MPH)
Batting: SHB Rich Dalzell 0-0: Called Strike
0-1: Called Strike
0-2: Ball
1-2: Ball
2-2: Fly out, F7 (Flyball, 7, EV 86.9 MPH)
Batting: RHB José Avilés 0-0: SINGLE (Line Drive, 4D, EV 102.5 MPH)
Batting: RHB Kawenaula Alohalani 0-0: Called Strike
0-1: Swinging Strike
0-2: Fly out, F8 (Line Drive, 89D, EV 95.0 MPH)
Bottom of the 2nd over - 0 runs, 1 hit, 0 errors, 1 left on base; Mississippi 0 - San Mateo 1
TOP OF THE 3RD
Mississippi Mockingbirds batting - Pitching for San Mateo Dirty Reds : LHP Jorge González
Batting: RHB Pablo Morterero 0-0: Ball
1-0: Ball
2-0: Foul Ball, location: 2F
2-1: Called Strike
2-2: Strikes out swinging
Batting: RHB Terumoto Nakanishi 0-0: Ball
1-0: Ground out 6-3 (Groundball, 6, EV 81.9 MPH)
Batting: RHB Ricardo Ojíto 0-0: Called Strike
0-1: Ball
1-1: Ball
2-1: Ball
3-1: Ground out 4-3 (Groundball, 4S, EV 76.2 MPH)
Top of the 3rd over - 0 runs, 0 hits, 0 errors, 0 left on base; Mississippi 0 - San Mateo 1
BOTTOM OF THE 3RD
San Mateo Dirty Reds batting - Pitching for Mississippi Mockingbirds : RHP Costanzo Miniato
Batting: LHB Jae-seop Byeon 0-0: Foul Ball, location: 2F
0-1: Called Strike
0-2: Ball
1-2: Foul Ball, location: 2F
1-2: Ball
2-2: SINGLE (Line Drive, 34, EV 93.8 MPH)
Batting: RHB Emílio Soto 0-0: Called Strike
Jae-seop Byeon steals 2nd base
0-1: Foul Ball, location: 2F
0-2: Fly out, F6 (Popup, 6M, EV 68.8 MPH)
Batting: SHB Jae-woo Ohm 0-0: Called Strike
0-1: Ball
1-1: Ball
Jae-seop Byeon steals 3rd base
2-1: Fly out, F7 (Flyball, 78M, EV 93.8 MPH)
Batting: LHB Matsusuke Saikawa 0-0: Ball
1-0: Foul Ball, location: 2F
1-1: Ground out 3-1 (Groundball, 34, EV 85.0 MPH)
Bottom of the 3rd over - 0 runs, 1 hit, 0 errors, 1 left on base; Mississippi 0 - San Mateo 1
TOP OF THE 4TH
Mississippi Mockingbirds batting - Pitching for San Mateo Dirty Reds : LHP Jorge González
Batting: RHB Mariano Juderías 0-0: Foul Ball, location: 2F
0-1: Swinging Strike
0-2: Foul Ball, location: 2F
0-2: Foul Ball, location: 2F
0-2: Foul Ball, location: 2F
0-2: Ball
1-2: Foul Ball, location: 2F
1-2: Ground out 6-3 (Groundball, 6, EV 108.1 MPH)
Batting: SHB Ai-de Lau 0-0: Swinging Strike
0-1: Ball
1-1: Ball
2-1: Foul Ball, location: 2F
2-2: Foul Ball, location: 2F
2-2: DOUBLE (Line Drive, 78D, EV 106.9 MPH)
Batting: RHB António Macías 0-0: Ball
1-0: Foul Ball, location: 2F
1-1: Foul Ball, location: 2F
1-2: SINGLE (Groundball, 56D, EV 106.9 MPH)
Ai-de Lau to third
Runner from 3rd tries for Home, SAFE, throw by LF to home
Batting: RHB Les Gillett 0-0: Ball
1-0: Swinging Strike
1-1: Called Strike
1-2: Ball
2-2: Foul Ball, location: 2F
2-2: Strikes out swinging
Batting: SHB John Richardson 0-0: Foul Ball, location: 2F
0-1: Fly out, F5 (Line Drive, 5, EV 73.1 MPH)
Top of the 4th over - 1 run, 2 hits, 0 errors, 1 left on base; Mississippi 1 - San Mateo 1
BOTTOM OF THE 4TH
San Mateo Dirty Reds batting - Pitching for Mississippi Mockingbirds : RHP Costanzo Miniato
Batting: RHB Jorge Martínez 0-0: Ball
1-0: Fly out, F8 (Flyball, 8RD, EV 100.0 MPH)
Batting: LHB Quitério Ruah 0-0: Foul Ball, location: 2F
0-1: Ball
1-1: DOUBLE (Flyball, 9LD, EV 100.6 MPH)
Batting: SHB Rich Dalzell 0-0: Called Strike
0-1: Ground out U3 (Groundball, 34S, EV 87.5 MPH)
Quitério Ruah to third
Batting: RHB José Avilés 0-0: Called Strike
0-1: Ball
1-1: DOUBLE (Flyball, 78D, EV 95.0 MPH)
Quitério Ruah scores
Batting: RHB Kawenaula Alohalani 0-0: Called Strike
0-1: Ball
1-1: Foul Ball, location: 2F
1-2: Fly out, F7 (Flyball, 78M, EV 91.2 MPH)
Bottom of the 4th over - 1 run, 2 hits, 0 errors, 1 left on base; Mississippi 1 - San Mateo 2
TOP OF THE 5TH
Mississippi Mockingbirds batting - Pitching for San Mateo Dirty Reds : LHP Jorge González
Batting: RHB Yoshitora Nakayama 0-0: Ball
1-0: Called Strike
1-1: Foul Ball, location: 2F
1-2: Strikes out swinging
Batting: RHB Pablo Morterero 0-0: Foul Ball, location: 2F
0-1: Ball
1-1: Foul Ball, location: 2F
1-2: Strikes out swinging
Batting: RHB Terumoto Nakanishi 0-0: Swinging Strike
0-1: TRIPLE (Flyball, 9LD, EV 105.0 MPH)
Batting: RHB Ricardo Ojíto 0-0: Ball
1-0: Fly out, F7 (Line Drive, 78M, EV 95.6 MPH)
Top of the 5th over - 0 runs, 1 hit, 0 errors, 1 left on base; Mississippi 1 - San Mateo 2
BOTTOM OF THE 5TH
San Mateo Dirty Reds batting - Pitching for Mississippi Mockingbirds : RHP Costanzo Miniato
Batting: LHB Jae-seop Byeon 0-0: Ball
1-0: SINGLE (Groundball, 4MD, EV 102.5 MPH)
Batting: RHB Emílio Soto 0-0: Ball
1-0: Called Strike
Jae-seop Byeon steals 2nd base
1-1: Ball
2-1: Foul Ball, location: 2F
2-2: Ground out 2-3 (Groundball, 13S, EV 73.8 MPH)
Jae-seop Byeon to third
Batting: SHB Jae-woo Ohm 0-0: Ball
1-0: Foul Ball, location: 2F
1-1: 2-RUN HOME RUN (Flyball, 89XD, EV 98.8 MPH), Distance : 389 ft
Batting: LHB Matsusuke Saikawa 0-0: Ball
1-0: Swinging Strike
1-1: SINGLE (Flyball, 7LS, EV 92.5 MPH)
Batting: RHB Jorge Martínez 0-0: Called Strike
0-1: Ball
1-1: Ball
2-1: Fielders Choice at 2nd, 6-4 (Groundball, 6, EV 86.2 MPH)
Batting: LHB Quitério Ruah 0-0: Called Strike
0-1: Called Strike
0-2: Fly out, F9 (Line Drive, 9, EV 105.6 MPH)
Bottom of the 5th over - 2 runs, 3 hits, 0 errors, 1 left on base; Mississippi 1 - San Mateo 4
TOP OF THE 6TH
Mississippi Mockingbirds batting - Pitching for San Mateo Dirty Reds : LHP Jorge González
Batting: RHB Mariano Juderías 0-0: Called Strike
0-1: Ball
1-1: Ball
2-1: Foul Ball, location: 2F
2-2: Strikes out swinging
Batting: SHB Ai-de Lau 0-0: Ball
1-0: Ball
2-0: Fly out, F7 (Flyball, 7, EV 93.8 MPH)
Batting: RHB António Macías 0-0: Ball
1-0: Called Strike
1-1: Ball
2-1: Called Strike
2-2: Foul Ball, location: 2F
2-2: SINGLE (Line Drive, 56D, EV 98.8 MPH)
Batting: RHB Les Gillett 0-0: Ball
1-0: Called Strike
1-1: Ball
2-1: DOUBLE (Flyball, 8RXD, EV 96.2 MPH)
António Macías to third
Runner from 3rd tries for Home, SAFE, throw by CF to home
Batting: SHB John Richardson 0-0: Called Strike
0-1: SINGLE (Groundball, 6, EV 103.1 MPH)
Les Gillett to third
Runner from 3rd tries for Home, SAFE, throw by LF to home
Batting: RHB Yoshitora Nakayama 0-0: Foul Ball, location: 2F
0-1: Ball
1-1: Called Strike
1-2: Ball
2-2: Ball
3-2: Foul Ball, location: 2F
3-2: Fly out, F9 (Flyball, 9D, EV 98.1 MPH)
Top of the 6th over - 2 runs, 3 hits, 0 errors, 1 left on base; Mississippi 3 - San Mateo 4
BOTTOM OF THE 6TH
San Mateo Dirty Reds batting - Pitching for Mississippi Mockingbirds : RHP Costanzo Miniato
Batting: SHB Rich Dalzell 0-0: SINGLE (Groundball, 34D, EV 99.4 MPH)
Batting: RHB José Avilés 0-0: Called Strike
0-1: Swinging Strike
0-2: Ball
1-2: Ball
2-2: Foul Ball, location: 2F
2-2: Ball
3-2: Strikes out swinging
Batting: RHB Kawenaula Alohalani 0-0: Fly out, F7 (Flyball, 78M, EV 92.5 MPH)
Batting: LHB Jae-seop Byeon 0-0: Ball
1-0: Ground out 4-3 (Groundball, 13, EV 85.6 MPH)
Bottom of the 6th over - 0 runs, 1 hit, 0 errors, 1 left on base; Mississippi 3 - San Mateo 4
TOP OF THE 7TH
Mississippi Mockingbirds batting - Pitching for San Mateo Dirty Reds : LHP Jorge González
Batting: RHB Pablo Morterero 0-0: Ball
1-0: Called Strike
1-1: Foul Ball, location: 2F
1-2: SINGLE (Groundball, 6MD, EV 99.4 MPH)
Batting: RHB Terumoto Nakanishi 0-0: Ball
1-0: Bunted foul
1-1: Sac Bunt to 13S - play at first, batter OUT! 1-4
Pablo Morterero to second
Pitching: RHP Justin Frederick
Batting: RHB Ricardo Ojíto 0-0: Swinging Strike
0-1: Ball
1-1: Ground out 6-3 (Groundball, 6, EV 106.2 MPH)
Batting: RHB Mariano Juderías 0-0: Called Strike
0-1: Ball
1-1: Swinging Strike
1-2: Strikes out swinging
Top of the 7th over - 0 runs, 1 hit, 0 errors, 1 left on base; Mississippi 3 - San Mateo 4
BOTTOM OF THE 7TH
San Mateo Dirty Reds batting - Pitching for Mississippi Mockingbirds : RHP Costanzo Miniato
Batting: RHB Emílio Soto 0-0: DOUBLE (Flyball, 89D, EV 103.1 MPH)
Batting: SHB Jae-woo Ohm 0-0: Called Strike
0-1: Foul Ball, location: 2F
0-2: Ground out U3 (Groundball, 34S, EV 90.0 MPH)
Emílio Soto to third
Batting: LHB Matsusuke Saikawa 0-0: Intentional Walk
Batting: RHB Jorge Martínez 0-0: Called Strike
0-1: Ball
1-1: Fielders Choice at 2nd, 6-4 (Groundball, 56, EV 83.1 MPH)
Emílio Soto scores
Batting: LHB Quitério Ruah 0-0: Ball
1-0: Foul Ball, location: 2F
1-1: Ball
2-1: Fly out, F8 (Flyball, 8RXD, EV 83.1 MPH)
Bottom of the 7th over - 1 run, 1 hit, 0 errors, 1 left on base; Mississippi 3 - San Mateo 5
TOP OF THE 8TH
Mississippi Mockingbirds batting - Pitching for San Mateo Dirty Reds : RHP Justin Frederick
Batting: SHB Ai-de Lau 0-0: Ball
1-0: Ball
2-0: Ground out U3 (Groundball, 3, EV 105.0 MPH)
Batting: RHB António Macías 0-0: Called Strike
0-1: Hit by Pitch
Batting: RHB Les Gillett 0-0: Called Strike
0-1: Grounds into double play, 4-6-3 (Groundball, 4M, EV 100.0 MPH)
Top of the 8th over - 0 runs, 0 hits, 0 errors, 0 left on base; Mississippi 3 - San Mateo 5
BOTTOM OF THE 8TH
San Mateo Dirty Reds batting - Pitching for Mississippi Mockingbirds : RHP Costanzo Miniato
Pitching: RHP Randy Smith
Batting: SHB Rich Dalzell 0-0: Called Strike
0-1: Foul Ball, location: 2F
0-2: Ball
1-2: Foul Ball, location: 2F
1-2: Strikes out swinging
Batting: RHB José Avilés 0-0: Ball
1-0: Called Strike
1-1: Swinging Strike
1-2: Foul Ball, location: 2F
1-2: Foul Ball, location: 2F
1-2: Foul Ball, location: 2F
1-2: Ball
2-2: Ball
3-2: Foul Ball, location: 2F
3-2: Foul Ball, location: 2F
3-2: Fly out, F8 (Flyball, 8LM, EV 81.9 MPH)
Batting: RHB Kawenaula Alohalani 0-0: Ball
1-0: Fly out, F8 (Flyball, 89M, EV 96.2 MPH)
Bottom of the 8th over - 0 runs, 0 hits, 0 errors, 0 left on base; Mississippi 3 - San Mateo 5
TOP OF THE 9TH
Mississippi Mockingbirds batting - Pitching for San Mateo Dirty Reds : RHP Justin Frederick
Pitching: RHP Monte Evans
Batting: SHB John Richardson 0-0: Fly out, F7 (Flyball, 7, EV 88.8 MPH)
Batting: RHB Yoshitora Nakayama 0-0: Called Strike
0-1: SINGLE (Line Drive, 56, EV 99.4 MPH)
Batting: RHB Pablo Morterero 0-0: Ball
1-0: Called Strike
1-1: Foul Ball, location: 2F
1-2: Ball
2-2: Strikes out looking
Batting: RHB Terumoto Nakanishi 0-0: Ball
1-0: TRIPLE (Flyball, 9LD, EV 100.6 MPH)
Yoshitora Nakayama scores
Batting: RHB Ricardo Ojíto 0-0: Called Strike
0-1: Ball
1-1: Ball
2-1: Foul Ball, location: 2F
2-2: SINGLE (Groundball, 4MD, EV 99.4 MPH)
Terumoto Nakanishi scores
Batting: RHB Mariano Juderías 0-0: Called Strike
0-1: Foul Ball, location: 2F
0-2: Ball
1-2: Ball
2-2: Ball
3-2: DOUBLE (Line Drive, 78D, EV 106.2 MPH)
Ricardo Ojíto to third
Ricardo Ojíto scores
Batting: SHB Ai-de Lau 0-0: Called Strike
0-1: Foul Ball, location: 2F
0-2: Ball
1-2: Fly out, F9 (Flyball, 9, EV 75.6 MPH)
Top of the 9th over - 3 runs, 4 hits, 0 errors, 1 left on base; Mississippi 6 - San Mateo 5
BOTTOM OF THE 9TH
San Mateo Dirty Reds batting - Pitching for Mississippi Mockingbirds : RHP Randy Smith
Batting: LHB Jae-seop Byeon 0-0: Ball
1-0: Fly out, F9 (Flyball, 9D, EV 91.9 MPH)
Pinch Hitting: LHB Esteban Sifuentes 0-0: Called Strike
0-1: Ball
1-1: Called Strike
1-2: Foul Ball, location: 2F
1-2: Ball
2-2: Strikes out looking
Batting: SHB Jae-woo Ohm 0-0: Called Strike
0-1: Swinging Strike
0-2: Ball
1-2: Ball
2-2: Foul Ball, location: 2F
2-2: Foul Ball, location: 2F
2-2: Strikes out looking
Bottom of the 9th over - 0 runs, 0 hits, 0 errors, 0 left on base; Mississippi 6 - San Mateo 5
Friday, March 31st , 2023 - OOTP Baseball 23.10 Build 110